 Dungeon Crawl Stone Soup version 0.29-a0-887-gcbe080d7e0 (webtiles) character file.

Game seed: 3272137651435638286

3146 sanka the Destroyer (level 9, 0/69 HPs)
             Began as a Gnoll Conjurer on July 21, 2022.
             Was a Believer of Ashenzari.
             Slain by a komodo dragon (24 damage)
             ... on level 7 of the Dungeon.
             The game lasted 00:16:10 (10260 turns).

sanka the Destroyer (Gnoll Conjurer)               Turns: 10260, Time: 00:16:12

Health: 0/69       AC: 11    Str:  6    XL:     9   Next: 93%
Magic:  11/21      EV: 14    Int: 22    God:    Ashenzari [**....]
Gold:   233        SH:  0    Dex: 11    Spells: 17/24 levels left

rFire   . . .      SeeInvis +   a - +1 morningstar (drain)
rCold   + . .      Faith    .   (no shield)
rNeg    + . .      Spirit   .   l - +0 robe of the Profound Yoke {Comp, Alch} (curse)
rPois   .          Reflect  .   A - +2 helmet
rElec   .          Harm     .   L - +0 cloak
rCorr   .          Rampage  .   i - +2 pair of gloves
Will    .....                   w - +0 pair of boots
Stlth   +++.......              I - amulet of the acrobat
HPRegen 0.21/turn               M - ring "Ruined Together" {rN+, Self, Cun} (curse)
MPRegen 0.17/turn               B - ring of the Ensconced Ether {rC+, Comp, Fort} (curse)

@: no status effects
A: fangs 1, strong nose, distributed training
a: Renounce Religion, Curse Item, Shatter the Chains


You were on level 7 of the Dungeon.
You worshipped Ashenzari.
Ashenzari was pleased with you.
You visited 1 branch of the dungeon, and saw 7 of its levels.

You collected 287 gold pieces.
You spent 54 gold pieces at shops.


Innate Abilities, Weirdness & Mutations

You have very sharp teeth.
Your uncanny sense of smell can sniff out nearby items.
Your experience applies equally to all skills.


   Skills:
 + Level 4.9(6.1) Fighting
 + Level 4.9 Short Blades
 + Level 4.9 Long Blades
 + Level 4.9 Axes
 + Level 4.9 Maces & Flails
 + Level 4.9 Polearms
 + Level 4.9 Staves
 + Level 4.9 Ranged Weapons
 + Level 4.9 Throwing
 + Level 4.9(6.1) Armour
 + Level 6.8(8.0) Dodging
 + Level 6.5(7.8) Stealth
 + Level 4.9(6.1) Shields
 + Level 4.9 Unarmed Combat
 + Level 7.1(8.4) Spellcasting
 + Level 8.3 Conjurations
 + Level 4.0 Hexes
 + Level 4.0(5.8) Summonings
 + Level 4.0(5.8) Necromancy
 + Level 4.0 Translocations
 + Level 4.0(5.2) Transmutations
 + Level 4.0 Fire Magic
 + Level 4.0 Ice Magic
 + Level 4.0 Air Magic
 + Level 4.0 Earth Magic
 + Level 4.0(5.2) Poison Magic
 + Level 5.4 Invocations
 + Level 4.9 Evocations


You had 17 spell levels left.
You knew the following spells:

 Your Spells              Type           Power      Damage    Failure   Level
x - Searing Ray           Conj           90%        2d7       1%          2
z - Magic Dart            Conj           100%       1d8       1%          1
Z - Fulminant Prism       Conj/Hex       18%        3d11      5%          4

Your spell library contained the following spells:

 Spells                   Type           Power      Damage    Failure   Level
 Sublimation of Blood     Necr           34%        N/A       1%          2
 Wereblood                Tmut           32%        N/A       1%          2
 Dazzling Flash           Conj/Hex       72%        N/A       1%          3
 Gell's Gravitas          Tloc           27%        N/A       4%          3
 Lesser Beckoning         Tloc           27%        N/A       4%          3
 Teleport Other           Tloc           27%        N/A       4%          3
 Iskenderun's Mystic Bla  Conj/Tloc      36%        2d9       5%          4
 Summon Lightning Spire   Summ/Air       30%        N/A       10%         4
 Summon Hydra             Summ           17%        N/A       99%         7
 Storm Form               Tmut/Air       14%        N/A       100%        7
 Maxwell's Capacitive Co  Air            13%        ∞         100%        8

Inventory:

Hand Weapons
 a - a +1 morningstar of draining (weapon)
 b - a +3 dagger
 u - a +0 war axe
 G - a +0 halberd
Missiles
 y - 6 javelins
 z - 12 poisoned darts
Armour
 i - a +2 pair of gloves (worn)
 l - the cursed +0 robe of the Profound Yoke (worn) {Comp, Alch}

   It has a curse which improves the following skills: Companions: Summonings
   and Necromancy.
   Alchemy:   Poison Magic and Transmutations.
 w - a +0 pair of boots (worn)
 A - a +2 helmet (worn)
 L - a +0 cloak (worn)
 N - +2 steam dragon scales
Magical Staves
 c - a staff of poison
Jewellery
 B - the cursed ring of the Ensconced Ether (right hand) {rC+, Comp, Fort}

   [ring of protection from cold]

   rC:        It protects you from cold.
   It has a curse which improves the following skills: Companions: Summonings
   and Necromancy.
   Fortitude: Armour and Shields.
 I - an amulet of the acrobat (around neck)
 M - the cursed ring "Ruined Together" (left hand) {rN+, Self, Cun}

   [ring of positive energy]

   rN:        It protects you from negative energy.
   It has a curse which improves the following skills: Introspection: Fighting
   and Spellcasting.
   Cunning:   Dodging and Stealth.
Wands
 v - a wand of flame (63)
 K - a wand of paralysis (6)
 O - a wand of mindburst (12)
Scrolls
 d - a scroll of blinking
 e - 7 scrolls of teleportation {@r4}
 g - a scroll of enchant armour
 h - 5 scrolls of identify {@r1}
 k - a scroll of poison {!r}
 o - a scroll of brand weapon
 s - 2 scrolls of magic mapping
 t - 2 scrolls of fear
 C - a scroll of silence {!r}
 D - a scroll of amnesia
 E - 3 scrolls of enchant weapon
 H - a scroll of butterflies
Potions
 f - a potion of magic
 j - a potion of resistance
 m - 2 potions of lignification {!q}
 n - a potion of curing {@q1}
 p - 3 potions of flight
 q - 4 potions of brilliance
 r - 2 potions of heal wounds {@q2}
 x - 3 potions of might
 F - a potion of berserk rage {!q}
 J - 2 potions of cancellation

Dungeon Overview and Level Annotations

Branches:
Dungeon (7/15)             Temple (0/1) D:5

Altars:
Ashenzari
Uskayaw

Shops:
D:6

*
▒.▒▒▒▒▒▒▒▒..▒..▒▒▒
▒.▒ ▒..▒..▒▒▒ ▒.▒
▒........ ▒.▒
▒▒.▒..▒▒▒ ▒.▒
▒.▒..▒▒▒ ▒.▒
▒.....▒▒ ▒.▒
▒▒▒...▒▒ ▒.▒
▒....... ▒g▒
▒.▒...▒▒ ▒l▒
▒.▒..... ▒.▒
▒.▒...▒. ▒*▒
▒.▒.▒.▒. ▒.▒
▒.▒.▒.▒. ▒.▒ ░░ ░
▒.▒.▒... ▒.. ,,
..▒.▒▒▒. ▒.., , ,
,..▒ ▒▒ ▒▒▒▒▒▒▒▒


You could see a komodo dragon (ally target) and a friendly fulminant prism.


Message History

Aiming: Searing Ray (safe; 1% risk of failure)
Aim: a komodo dragon (lightly wounded, 87% to hit)
Okay, then.
Aiming: Fulminant Prism (dangerous; 5% risk of failure)
You conjure a prism of explosive energy!
A fulminant prism comes into view.
The komodo dragon misses you.
Your fulminant prism crackles loudly.
Aiming: Searing Ray (safe; 1% risk of failure)
Aim: a komodo dragon (lightly wounded, ally target, 87% to hit)
The searing ray hits the komodo dragon but does no damage.
The komodo dragon is lightly wounded. (Press . to maintain the ray.)
The komodo dragon bites you but does no damage.
Your fulminant prism explodes!
The blast of energy engulfs the komodo dragon!!
The komodo dragon is almost dead.
Unknown command.
Aiming: Fulminant Prism (dangerous; 5% risk of failure)
You conjure a prism of explosive energy!
A fulminant prism comes into view.
The komodo dragon bites you!!
You hit the komodo dragon.
The komodo dragon is almost dead.
The komodo dragon hisses menacingly.
The komodo dragon bites you!!
* * * LOW HITPOINT WARNING * * *
Your fulminant prism crackles loudly.
The komodo dragon bites you!!
You die...

Action                   |  1- 3 |  4- 6 |  7- 9 || total
-------------------------+-------+-------+-------++-------
Melee: Unarmed           |     1 |       |       ||     1
       Dagger            |    29 |     5 |       ||    34
       Bite              |     5 |     9 |     6 ||    20
       Flail             |     4 |    27 |    26 ||    57
       Punch             |       |     2 |       ||     2
       Halberd           |       |       |    13 ||    13
       Morningstar       |       |       |     4 ||     4
 Cast: Magic Dart        |    70 |   105 |   107 ||   282
       Searing Ray       |       |    10 |    52 ||    62
       Fulminant Prism   |       |       |    10 ||    10
Invok: Curse Item        |       |       |     3 ||     3
  Use: Scroll            |       |       |     4 ||     4
 Stab: Sleeping          |       |     1 |       ||     1
       Distracted        |       |       |     1 ||     1
Armor: Robe              |     6 |     7 |    24 ||    37
Dodge: Dodged            |    33 |    37 |    95 ||   165

Levels and vault maps discovered:
D:1:      matt_arrival_diagonals, layout_loops_ring
D:2:      layout_basic, basic_ecumenical_altar, eino_tiny_chamber
D:3:      layout_rooms, mainiacjoe_overflow_divided_tiny,
          serial_co_window_serial, co_window_paths_a, co_window_paths_b,
          co_window_cross_1, co_window_paths_a, co_window_paths_b,
          co_window_paths_c, co_window_2corner, co_window_broadway_b,
          co_window_broadway_c, co_window_cross_2, co_window_4corner_b,
          co_window_paths_e, glass_columns_c, glass_columns_c, glass_columns_b,
          glass_columns_b, glass_columns_a
D:4:      layout_basic, ebering_dispersal_statue_hall, nrook_loot_triangle,
          hangedman_decor_growths, minmay_hedge_maze, uniq_robin, uniq_menkaure
D:5:      layout_basic, minmay_temple_entry_antechambers, dreamdust_gnoll_farm
D:6:      layout_basic, nicolae_shop_sticking_my_neck_out
D:7:      layout_loops_ring, minmay_misc_feat_roman, minmay_between,
          uniq_joseph, uniq_prince_ribbit1, uniq_maggie

Notes
Turn   | Place    | Note
-------+----------+-------------------------------------------
     0 | D:1      | sanka the Gnoll Conjurer began the quest for the Orb.
     0 | D:1      | Reached XP level 1. HP: 13/13 MP: 6/6
   132 | D:1      | Reached XP level 2. HP: 19/19 MP: 4/7
   163 | D:1      | Learned a level 2 spell: Searing Ray
   712 | D:1      | Reached skill level 5 in Spellcasting
   712 | D:1      | Reached XP level 3. HP: 25/25 MP: 5/9
  1027 | D:1      | Reached skill level 1 in Invocations
  1590 | D:2      | Reached skill level 1 in Fighting
  1590 | D:2      | Reached skill level 1 in Short Blades
  1590 | D:2      | Reached skill level 1 in Long Blades
  1590 | D:2      | Reached skill level 1 in Axes
  1590 | D:2      | Reached skill level 1 in Maces & Flails
  1590 | D:2      | Reached skill level 1 in Polearms
  1590 | D:2      | Reached skill level 1 in Staves
  1590 | D:2      | Reached skill level 1 in Ranged Weapons
  1590 | D:2      | Reached skill level 1 in Throwing
  1590 | D:2      | Reached skill level 1 in Armour
  1590 | D:2      | Reached skill level 1 in Shields
  1590 | D:2      | Reached skill level 1 in Unarmed Combat
  1590 | D:2      | Reached skill level 1 in Evocations
  1708 | D:2      | Reached XP level 4. HP: 32/32 MP: 6/11
  2083 | D:2      | Reached skill level 1 in Hexes
  2083 | D:2      | Reached skill level 1 in Summonings
  2083 | D:2      | Reached skill level 1 in Necromancy
  2083 | D:2      | Reached skill level 1 in Translocations
  2083 | D:2      | Reached skill level 1 in Transmutations
  2083 | D:2      | Reached skill level 1 in Fire Magic
  2083 | D:2      | Reached skill level 1 in Ice Magic
  2083 | D:2      | Reached skill level 1 in Air Magic
  2083 | D:2      | Reached skill level 1 in Earth Magic
  2083 | D:2      | Reached skill level 1 in Poison Magic
  2303 | D:2      | Found a faded altar of an unknown god.
  2515 | D:3      | Noticed an ogre
  2519 | D:3      | Killed an ogre
  2520 | D:3      | Reached XP level 5. HP: 37/37 MP: 8/12
  3305 | D:3      | Reached skill level 2 in Invocations
  3580 | D:3      | Reached XP level 6. HP: 44/44 MP: 8/14
  3714 | D:3      | Found a hide-covered altar of Uskayaw.
  3714 | D:3      | Found a broken altar of Ashenzari.
  4469 | D:3      | Became a worshipper of Ashenzari the Shackled
  4680 | D:4      | Reached skill level 5 in Dodging
  4825 | D:4      | Noticed Menkaure
  4831 | D:4      | Killed Menkaure
  4832 | D:4      | Reached skill level 2 in Fighting
  4832 | D:4      | Reached skill level 2 in Short Blades
  4832 | D:4      | Reached skill level 2 in Long Blades
  4832 | D:4      | Reached skill level 2 in Axes
  4832 | D:4      | Reached skill level 2 in Maces & Flails
  4832 | D:4      | Reached skill level 2 in Polearms
  4832 | D:4      | Reached skill level 2 in Staves
  4832 | D:4      | Reached skill level 2 in Ranged Weapons
  4832 | D:4      | Reached skill level 2 in Throwing
  4832 | D:4      | Reached skill level 2 in Armour
  4832 | D:4      | Reached skill level 2 in Shields
  4832 | D:4      | Reached skill level 2 in Unarmed Combat
  4832 | D:4      | Reached skill level 2 in Evocations
  4907 | D:4      | Noticed Robin
  4927 | D:4      | Killed Robin
  4932 | D:4      | HP: 3/44 [goblin/+0 club[Robin] (3)]
  5528 | D:4      | Reached XP level 7. HP: 43/51 MP: 6/15
  5621 | D:4      | Reached skill level 2 in Hexes
  5621 | D:4      | Reached skill level 2 in Summonings
  5621 | D:4      | Reached skill level 2 in Necromancy
  5621 | D:4      | Reached skill level 2 in Translocations
  5621 | D:4      | Reached skill level 2 in Transmutations
  5621 | D:4      | Reached skill level 2 in Fire Magic
  5621 | D:4      | Reached skill level 2 in Ice Magic
  5621 | D:4      | Reached skill level 2 in Air Magic
  5621 | D:4      | Reached skill level 2 in Earth Magic
  5621 | D:4      | Reached skill level 2 in Poison Magic
  5909 | D:4      | Reached skill level 5 in Stealth
  6672 | D:5      | Entered Level 5 of the Dungeon
  6687 | D:5      | Reached skill level 3 in Invocations
  6843 | D:5      | Reached skill level 3 in Fighting
  6843 | D:5      | Reached skill level 3 in Short Blades
  6843 | D:5      | Reached skill level 3 in Long Blades
  6843 | D:5      | Reached skill level 3 in Axes
  6843 | D:5      | Reached skill level 3 in Maces & Flails
  6843 | D:5      | Reached skill level 3 in Polearms
  6843 | D:5      | Reached skill level 3 in Staves
  6843 | D:5      | Reached skill level 3 in Ranged Weapons
  6843 | D:5      | Reached skill level 3 in Throwing
  6843 | D:5      | Reached skill level 3 in Armour
  6843 | D:5      | Reached skill level 3 in Shields
  6843 | D:5      | Reached skill level 3 in Unarmed Combat
  6843 | D:5      | Reached skill level 3 in Evocations
  6843 | D:5      | Reached XP level 8. HP: 53/58 MP: 4/16
  7109 | D:5      | Reached skill level 6 in Spellcasting
  7588 | D:5      | Reached * piety under Ashenzari
  7588 | D:5      | Identified a potion of resistance
  7603 | D:5      | Reached skill level 4 in Invocations
  7650 | D:5      | Found a staircase to the Ecumenical Temple.
  8045 | D:5      | Reached skill level 3 in Hexes
  8045 | D:5      | Reached skill level 3 in Summonings
  8045 | D:5      | Reached skill level 3 in Necromancy
  8045 | D:5      | Reached skill level 3 in Translocations
  8045 | D:5      | Reached skill level 3 in Transmutations
  8045 | D:5      | Reached skill level 3 in Fire Magic
  8045 | D:5      | Reached skill level 3 in Ice Magic
  8045 | D:5      | Reached skill level 3 in Air Magic
  8045 | D:5      | Reached skill level 3 in Earth Magic
  8045 | D:5      | Reached skill level 3 in Poison Magic
  8156 | D:6      | Reached skill level 6 in Dodging
  8526 | D:6      | Reached XP level 9. HP: 65/65 MP: 13/18
  8529 | D:6      | Reached skill level 4 in Fighting
  8529 | D:6      | Reached skill level 4 in Short Blades
  8529 | D:6      | Reached skill level 4 in Long Blades
  8529 | D:6      | Reached skill level 4 in Axes
  8529 | D:6      | Reached skill level 4 in Maces & Flails
  8529 | D:6      | Reached skill level 4 in Polearms
  8529 | D:6      | Reached skill level 4 in Staves
  8529 | D:6      | Reached skill level 4 in Ranged Weapons
  8529 | D:6      | Reached skill level 4 in Throwing
  8529 | D:6      | Reached skill level 4 in Armour
  8529 | D:6      | Reached skill level 4 in Shields
  8529 | D:6      | Reached skill level 4 in Unarmed Combat
  8529 | D:6      | Reached skill level 4 in Evocations
  8723 | D:6      | Found Ituhop's Neck Hole.
  8780 | D:6      | Reached skill level 6 in Stealth
  8780 | D:6      | Reached skill level 8 in Conjurations
  8824 | D:6      | Bought a +0 cloak for 54 gold pieces
  9032 | D:7      | Learned a level 4 spell: Fulminant Prism
  9389 | D:7      | Reached ** piety under Ashenzari
  9431 | D:7      | Reached skill level 5 in Invocations
  9595 | D:7      | Identified +2 steam dragon scales
  9595 | D:7      | Noticed Maggie
  9607 | D:7      | Killed Maggie
  9623 | D:7      | Reached skill level 7 in Spellcasting
 10002 | D:7      | Noticed Prince Ribbit
 10011 | D:7      | Killed Prince Ribbit
 10012 | D:7      | Reached skill level 4 in Hexes
 10012 | D:7      | Reached skill level 4 in Summonings
 10012 | D:7      | Reached skill level 4 in Necromancy
 10012 | D:7      | Reached skill level 4 in Translocations
 10012 | D:7      | Reached skill level 4 in Transmutations
 10012 | D:7      | Reached skill level 4 in Fire Magic
 10012 | D:7      | Reached skill level 4 in Ice Magic
 10012 | D:7      | Reached skill level 4 in Air Magic
 10012 | D:7      | Reached skill level 4 in Earth Magic
 10012 | D:7      | Reached skill level 4 in Poison Magic
 10251 | D:7      | Noticed a komodo dragon
 10260 | D:7      | Slain by a komodo dragon

Vanquished Creatures
  Maggie (D:7)
  Prince Ribbit (D:7)
  A steam dragon (D:7)
  Menkaure (D:4)
  2 water moccasins (D:7)
  An orc warrior (D:7)
  A sky beast (D:6)
  4 black bears
  An ogre (D:3)
  3 phantoms
  A kobold brigand (D:7)
  2 necrophages
  A scorpion (D:5)
  5 wights (D:6)
  3 killer bees (D:7)
  5 hounds
  2 orc priests
  4 iguanas
  5 orc wizards
  Robin (D:4)
  4 gnolls (D:5)
  10 adders
  A white imp (D:7)
  4 worms
  5 dart slugs
  20 orcs
  10 endoplasms
  4 giant cockroaches
  15 goblins
  9 hobgoblins
  16 jackals
  8 quokkas
  4 ball pythons
  3 bats
  3 frilled lizards
  12 kobolds
  4 rats
177 creatures vanquished.

Vanquished Creatures (others)
  9 fulminant prisms (D:7)
  3 fungi (D:5)
12 creatures vanquished.

Grand Total: 189 creatures vanquished
